[ AOE2 MATCH · #477552014 ]
UnrankedByzantines vs Mongols
[ REPLAY ANALYSIS · EXTRACTED FROM THE RECORDED GAME ]
Feudal
10:07
Castle
14:05
Imperial
28:42
| APM avg | 34.7 |
| APM peak | 60 |
| eAPM avg | 20.7 |
| Villagers / military | 159 / 412 |
Focus
⚔️ 41.4% · 🌾 58.6%
Skirmisher ×380 · Cataphract ×21 · Trebuchet (Packed) ×9 · Monk ×1 · Spearman ×1
Feudal
10:30
Castle
14:01
Imperial
29:16
| APM avg | 43.0 |
| APM peak | 75 |
| eAPM avg | 20.9 |
| Villagers / military | 161 / 130 |
Focus
⚔️ 21.9% · 🌾 78.1%
Mangudai ×86 · Mangonel ×44 · Trade Cart ×10
Feudal
11:46
Castle
14:29
Imperial
30:02
| APM avg | 31.9 |
| APM peak | 91 |
| eAPM avg | 21.1 |
| Villagers / military | 136 / 423 |
Focus
⚔️ 26.0% · 🌾 74.0%
Scout Cavalry ×266 · Scorpion ×157
Feudal
10:51
Castle
14:49
Imperial
28:21
| APM avg | 28.6 |
| APM peak | 62 |
| eAPM avg | 20.2 |
| Villagers / military | 184 / 217 |
Focus
⚔️ 33.3% · 🌾 66.7%
Genoese Crossbowman ×94 · Skirmisher ×90 · Bombard Cannon ×25 · Trebuchet (Packed) ×5 · Monk ×3
Feudal
10:10
Castle
15:46
Imperial
34:36
| APM avg | 38.9 |
| APM peak | 102 |
| eAPM avg | 21.9 |
| Villagers / military | 149 / 134 |
Focus
⚔️ 37.1% · 🌾 62.9%
Spearman ×113 · Shotel Warrior ×14 · Battering Ram ×3 · Mangonel ×2 · Trebuchet (Packed) ×2
Feudal
10:33
Castle
14:04
Imperial
29:31
| APM avg | 27.1 |
| APM peak | 46 |
| eAPM avg | 17.8 |
| Villagers / military | 147 / 165 |
Focus
⚔️ 36.4% · 🌾 63.6%
Centurion ×158 · Trebuchet (Packed) ×6 · Monk ×1
Feudal
10:55
Castle
14:07
Imperial
29:29
| APM avg | 31.9 |
| APM peak | 74 |
| eAPM avg | 16.3 |
| Villagers / military | 133 / 171 |
Focus
⚔️ 23.7% · 🌾 76.3%
Knight ×97 · Camel Scout ×38 · Archer ×35 · Monk ×1
Feudal
9:22
Castle
23:15
Imperial
36:21
| APM avg | 37.6 |
| APM peak | 66 |
| eAPM avg | 21.2 |
| Villagers / military | 153 / 173 |
Focus
⚔️ 35.8% · 🌾 64.2%
Spearman ×88 · Militia ×70 · Battering Ram ×13 · Monk ×2
Match map
Initial resources + every placement click. Lines = walls · curves = elevation contours. ◆ gold · ⬟ stone · ● berries · ✦ relic · ◌ wall gap
Your base· ✓ Closed at 14:05 · 0t walls · 2 gate(s)
karim1994karim2's base· ✓ Closed at 14:01 · 0t walls · 2 gate(s)
BLACK EAGLE's base· ✓ Closed at 14:29 · 0t walls · 3 gate(s)
Choso's base· ✓ Closed at 14:49 · 0t walls · 3 gate(s)
Supersonic Rocketship's base· ✓ Closed at 15:46 · 1t walls · 3 gate(s)
livulove's base· ✓ Closed at 14:04 · 0t walls · 2 gate(s)
raritet's base· ✓ Closed at 14:07 · 0t walls · 3 gate(s)
Takerofthehill's base· ✓ Closed at 23:15 · 34t walls · 3 gate(s)
Smoothed initial terrain · ◌ = detected wall gap · hover for details
Inputs per minute
— DaTuRa - - karim1994karim2
Build order — DaTuRa
First 150 of 463 actions detected
| 0:00 | Create | Villager (Male) |
| 0:00 | Create | Villager (Male) |
| 0:01 | Create | Villager (Male) |
| 0:01 | Create | Villager (Male) |
| 0:02 | Build | House |
| 0:04 | Build | House |
| 1:22 | Create | Villager (Male) |
| 1:22 | Create | Villager (Male) |
| 2:07 | Create | Villager (Male) |
| 2:15 | Create | Villager (Male) |
| 2:27 | Build | Lumber Camp |
| 2:50 | Create | Villager (Male) |
| 3:02 | Create | Villager (Male) |
| 3:46 | Create | Villager (Male) |
| 3:46 | Create | Villager (Male) |
| 3:46 | Create | Villager (Male) |
| 3:54 | Build | House |
| 3:54 | Create | Villager (Male) |
| 3:54 | Create | Villager (Male) |
| 3:58 | Build | House |
| 4:15 | Create | Villager (Male) |
| 4:19 | Build | Mill |
| 4:36 | Create | Villager (Male) |
| 5:16 | Create | Villager (Male) |
| 5:34 | Create | Villager (Male) |
| 5:35 | Create | Villager (Male) |
| 5:35 | Create | Villager (Male) |
| 5:35 | Create | Villager (Male) |
| 6:50 | Create | Villager (Male) |
| 7:28 | Create | Villager (Male) |
| 7:52 | Research | Feudal Age |
| 8:27 | Build | Mining Camp |
| 8:56 | Create | Villager (Male) |
| 8:56 | Create | Villager (Male) |
| 9:17 | Build | Farm |
| 9:27 | Build | Farm |
| 10:07 | Age | Feudal Age |
| 10:09 | Build | Market |
| 10:24 | Build | Blacksmith |
| 10:26 | Build | House |
| 10:46 | Research | Loom |
| 11:25 | Research | Castle Age |
| 11:41 | Build | Mining Camp |
| 11:49 | Build | House |
| 12:11 | Research | Double-Bit Axe |
| 12:11 | Research | Double-Bit Axe |
| 13:52 | Create | Villager (Male) |
| 13:52 | Create | Villager (Male) |
| 14:05 | Age | Castle Age |
| 14:09 | Build | Town Center |
| 14:20 | Create | Villager (Male) |
| 14:37 | Build | Town Center |
| 14:57 | Create | Villager (Male) |
| 14:58 | Create | Villager (Male) |
| 15:29 | Build | Farm |
| 15:35 | Build | Farm |
| 15:48 | Create | Villager (Male) |
| 15:48 | Create | Villager (Male) |
| 15:51 | Build | Farm |
| 15:53 | Build | Farm |
| 16:08 | Build | Farm |
| 16:23 | Create | Villager (Male) |
| 16:23 | Create | Villager (Male) |
| 16:39 | Build | Farm |
| 16:40 | Create | Villager (Male) |
| 16:44 | Build | Farm |
| 16:47 | Build | Farm |
| 17:01 | Build | Farm |
| 17:06 | Create | Villager (Male) |
| 17:06 | Create | Villager (Male) |
| 17:07 | Create | Villager (Male) |
| 17:08 | Create | Villager (Male) |
| 17:24 | Build | Castle |
| 17:29 | Create | Villager (Male) |
| 17:29 | Create | Villager (Male) |
| 17:33 | Build | Farm |
| 17:36 | Build | Farm |
| 17:37 | Create | Villager (Male) |
| 17:37 | Create | Villager (Male) |
| 17:41 | Build | Farm |
| 17:46 | Create | Villager (Male) |
| 17:46 | Create | Villager (Male) |
| 17:58 | Create | Villager (Male) |
| 17:59 | Create | Villager (Male) |
| 18:05 | Build | Farm |
| 18:10 | Create | Villager (Male) |
| 18:17 | Build | Farm |
| 18:21 | Create | Villager (Male) |
| 18:21 | Create | Villager (Male) |
| 18:21 | Create | Villager (Male) |
| 18:32 | Build | Farm |
| 18:33 | Create | Villager (Male) |
| 18:43 | Create | Villager (Male) |
| 18:44 | Create | Villager (Male) |
| 18:47 | Build | Farm |
| 18:52 | Build | Farm |
| 18:54 | Create | Villager (Male) |
| 18:54 | Create | Villager (Male) |
| 19:01 | Build | Farm |
| 19:09 | Create | Villager (Male) |
| 19:09 | Create | Villager (Male) |
| 19:16 | Build | Farm |
| 19:17 | Create | Villager (Male) |
| 19:17 | Create | Villager (Male) |
| 19:28 | Create | Villager (Male) |
| 19:28 | Create | Villager (Male) |
| 19:28 | Create | Villager (Male) |
| 19:33 | Build | House |
| 19:35 | Build | House |
| 19:35 | Build | House |
| 19:37 | Create | Villager (Male) |
| 19:37 | Create | Villager (Male) |
| 19:38 | Create | Villager (Male) |
| 19:48 | Research | Wheelbarrow |
| 19:49 | Create | Villager (Male) |
| 19:50 | Create | Villager (Male) |
| 20:06 | Create | Villager (Male) |
| 20:06 | Create | Villager (Male) |
| 20:07 | Create | Villager (Male) |
| 20:28 | Build | Town Center |
| 20:29 | Create | Villager (Male) |
| 20:30 | Create | Villager (Male) |
| 20:35 | Research | Horse Collar |
| 20:36 | Research | Horse Collar |
| 20:51 | Create | Villager (Male) |
| 20:51 | Create | Villager (Male) |
| 20:55 | Build | Farm |
| 20:57 | Create | Villager (Male) |
| 21:01 | Build | Farm |
| 21:02 | Create | Villager (Male) |
| 21:09 | Build | Farm |
| 21:14 | Create | Villager (Male) |
| 21:14 | Create | Villager (Male) |
| 21:22 | Create | Cataphract |
| 21:30 | Create | Villager (Male) |
| 21:32 | Build | Monastery |
| 21:35 | Create | Villager (Male) |
| 21:35 | Create | Villager (Male) |
| 21:45 | Build | Farm |
| 21:58 | Build | Farm |
| 21:59 | Create | Villager (Male) |
| 21:59 | Create | Villager (Male) |
| 22:03 | Create | Villager (Male) |
| 22:03 | Create | Villager (Male) |
| 22:08 | Create | Villager (Male) |
| 22:21 | Create | Villager (Male) |
| 22:21 | Create | Villager (Male) |
| 22:24 | Create | Monk |
| 22:35 | Create | Villager (Male) |
| 22:37 | Create | Cataphract |
Build order — karim1994karim2
First 150 of 396 actions detected
| 0:00 | Create | Villager (Male) |
| 0:01 | Create | Villager (Male) |
| 0:01 | Create | Villager (Male) |
| 0:02 | Build | House |
| 0:04 | Build | House |
| 0:10 | Create | Villager (Male) |
| 1:26 | Create | Villager (Male) |
| 1:43 | Build | Lumber Camp |
| 2:03 | Create | Villager (Male) |
| 2:03 | Create | Villager (Male) |
| 2:10 | Build | House |
| 2:11 | Build | House |
| 2:16 | Create | Villager (Male) |
| 2:51 | Create | Villager (Male) |
| 2:52 | Create | Villager (Male) |
| 3:24 | Create | Villager (Male) |
| 3:24 | Create | Villager (Male) |
| 3:24 | Create | Villager (Male) |
| 3:25 | Create | Villager (Male) |
| 3:42 | Create | Villager (Male) |
| 3:42 | Create | Villager (Male) |
| 3:55 | Create | Villager (Male) |
| 4:32 | Create | Villager (Male) |
| 4:36 | Build | Mill |
| 4:57 | Create | Villager (Male) |
| 4:57 | Create | Villager (Male) |
| 4:57 | Create | Villager (Male) |
| 5:12 | Create | Villager (Male) |
| 5:50 | Create | Villager (Male) |
| 6:41 | Build | Lumber Camp |
| 6:52 | Create | Villager (Male) |
| 7:53 | Create | Villager (Male) |
| 7:58 | Build | Mining Camp |
| 8:04 | Research | Feudal Age |
| 8:22 | Build | Farm |
| 8:36 | Build | House |
| 8:57 | Build | Farm |
| 10:21 | Create | Villager (Male) |
| 10:21 | Create | Villager (Male) |
| 10:25 | Build | Farm |
| 10:30 | Age | Feudal Age |
| 10:32 | Build | Market |
| 10:36 | Build | Blacksmith |
| 11:21 | Research | Castle Age |
| 11:42 | Research | Double-Bit Axe |
| 12:24 | Research | Horse Collar |
| 12:29 | Build | Farm |
| 12:32 | Build | Farm |
| 12:34 | Build | Farm |
| 13:50 | Create | Villager (Male) |
| 14:01 | Age | Castle Age |
| 14:06 | Build | Town Center |
| 14:21 | Build | Town Center |
| 14:26 | Create | Villager (Male) |
| 14:32 | Build | House |
| 14:36 | Research | Bow Saw |
| 14:41 | Create | Villager (Male) |
| 14:50 | Create | Villager (Male) |
| 15:09 | Create | Villager (Male) |
| 15:09 | Create | Villager (Male) |
| 15:22 | Build | Farm |
| 15:27 | Build | Farm |
| 15:27 | Build | Farm |
| 15:27 | Build | Farm |
| 15:28 | Build | Farm |
| 15:36 | Create | Villager (Male) |
| 15:39 | Build | House |
| 15:40 | Build | House |
| 15:52 | Create | Villager (Male) |
| 16:04 | Create | Villager (Male) |
| 16:06 | Build | Farm |
| 16:07 | Build | Farm |
| 16:11 | Build | Farm |
| 16:12 | Create | Villager (Male) |
| 16:17 | Build | Farm |
| 16:19 | Build | Farm |
| 16:21 | Build | Farm |
| 16:24 | Create | Villager (Male) |
| 16:28 | Build | Farm |
| 16:34 | Build | Farm |
| 16:38 | Build | Farm |
| 16:39 | Create | Villager (Male) |
| 16:46 | Build | House |
| 16:48 | Create | Villager (Male) |
| 17:10 | Create | Villager (Male) |
| 17:10 | Create | Villager (Male) |
| 17:14 | Build | House |
| 17:16 | Build | House |
| 17:17 | Create | Villager (Male) |
| 17:17 | Create | Villager (Male) |
| 17:27 | Create | Villager (Male) |
| 17:34 | Build | Farm |
| 17:35 | Create | Villager (Male) |
| 17:36 | Create | Villager (Male) |
| 17:40 | Create | Villager (Male) |
| 17:46 | Create | Villager (Male) |
| 17:51 | Build | Town Center |
| 18:04 | Build | Farm |
| 18:04 | Create | Villager (Male) |
| 18:10 | Build | House |
| 18:13 | Create | Villager (Male) |
| 18:13 | Create | Villager (Male) |
| 18:29 | Create | Villager (Male) |
| 18:30 | Create | Villager (Male) |
| 18:35 | Build | Farm |
| 18:36 | Create | Villager (Male) |
| 18:37 | Create | Villager (Male) |
| 18:39 | Build | Farm |
| 18:42 | Build | Farm |
| 18:43 | Create | Villager (Male) |
| 18:46 | Build | House |
| 18:49 | Build | House |
| 18:50 | Create | Villager (Male) |
| 18:54 | Build | Farm |
| 18:58 | Create | Villager (Male) |
| 19:06 | Create | Villager (Male) |
| 19:10 | Create | Villager (Male) |
| 19:18 | Create | Villager (Male) |
| 19:29 | Build | Town Center |
| 19:29 | Create | Villager (Male) |
| 19:48 | Build | House |
| 19:48 | Build | House |
| 19:49 | Create | Villager (Male) |
| 19:50 | Create | Villager (Male) |
| 19:50 | Create | Villager (Male) |
| 19:51 | Create | Villager (Male) |
| 20:00 | Build | Farm |
| 20:01 | Build | Farm |
| 20:01 | Build | Farm |
| 20:01 | Build | Farm |
| 20:01 | Build | Farm |
| 20:03 | Create | Villager (Male) |
| 20:03 | Create | Villager (Male) |
| 20:05 | Create | Villager (Male) |
| 20:11 | Build | Farm |
| 20:12 | Create | Villager (Male) |
| 20:15 | Build | Farm |
| 20:18 | Create | Villager (Male) |
| 20:21 | Build | Farm |
| 20:25 | Build | Farm |
| 20:26 | Create | Villager (Male) |
| 20:29 | Build | Farm |
| 20:32 | Build | Farm |
| 20:33 | Create | Villager (Male) |
| 20:35 | Build | House |
| 20:39 | Create | Villager (Male) |
| 20:46 | Create | Villager (Male) |
| 20:49 | Create | Villager (Male) |
| 20:51 | Build | Farm |
| 21:03 | Research | Wheelbarrow |
Build order — BLACK EAGLE
First 150 of 411 actions detected
| 0:01 | Create | Villager (Male) |
| 0:01 | Create | Villager (Male) |
| 0:02 | Create | Villager (Male) |
| 0:03 | Build | House |
| 0:05 | Build | House |
| 0:05 | Create | Villager (Male) |
| 1:18 | Create | Villager (Male) |
| 2:04 | Create | Villager (Male) |
| 2:04 | Create | Villager (Male) |
| 2:17 | Create | Villager (Male) |
| 3:13 | Create | Villager (Male) |
| 3:13 | Create | Villager (Male) |
| 3:29 | Build | Lumber Camp |
| 3:46 | Create | Villager (Male) |
| 3:53 | Build | House |
| 3:57 | Create | Villager (Male) |
| 4:01 | Create | Villager (Male) |
| 4:27 | Create | Villager (Male) |
| 4:51 | Create | Villager (Male) |
| 4:52 | Create | Villager (Male) |
| 4:52 | Create | Villager (Male) |
| 5:10 | Create | Villager (Male) |
| 5:11 | Create | Villager (Male) |
| 5:28 | Build | Mill |
| 5:57 | Build | House |
| 6:43 | Create | Villager (Male) |
| 6:56 | Create | Villager (Male) |
| 7:00 | Build | Lumber Camp |
| 7:08 | Create | Villager (Male) |
| 8:01 | Build | House |
| 8:04 | Build | Mining Camp |
| 8:25 | Build | Farm |
| 8:45 | Create | Villager (Male) |
| 9:20 | Research | Feudal Age |
| 9:29 | Build | Farm |
| 9:34 | Build | Farm |
| 10:07 | Build | Farm |
| 10:11 | Build | Farm |
| 11:25 | Build | Farm |
| 11:26 | Build | Farm |
| 11:46 | Age | Feudal Age |
| 11:49 | Research | Castle Age |
| 11:53 | Research | Double-Bit Axe |
| 11:59 | Research | Horse Collar |
| 12:32 | Build | Farm |
| 12:42 | Create | Villager (Male) |
| 12:44 | Create | Villager (Male) |
| 13:11 | Build | Farm |
| 13:20 | Build | Farm |
| 13:42 | Create | Villager (Male) |
| 14:20 | Create | Villager (Male) |
| 14:21 | Create | Villager (Male) |
| 14:29 | Age | Castle Age |
| 14:33 | Build | Town Center |
| 14:36 | Build | Town Center |
| 14:48 | Research | Heavy Plow |
| 14:51 | Research | Bow Saw |
| 15:04 | Build | House |
| 15:30 | Create | Villager (Male) |
| 15:47 | Create | Villager (Male) |
| 15:53 | Create | Villager (Male) |
| 15:58 | Create | Villager (Male) |
| 15:59 | Create | Villager (Male) |
| 15:59 | Create | Villager (Male) |
| 16:00 | Create | Villager (Male) |
| 16:00 | Create | Villager (Male) |
| 16:00 | Create | Villager (Male) |
| 16:16 | Create | Villager (Male) |
| 16:21 | Create | Villager (Male) |
| 16:52 | Create | Villager (Male) |
| 16:53 | Create | Villager (Male) |
| 16:58 | Build | Farm |
| 16:59 | Build | Farm |
| 17:01 | Build | House |
| 17:02 | Build | House |
| 17:17 | Create | Villager (Male) |
| 17:17 | Create | Villager (Male) |
| 17:20 | Build | Farm |
| 17:20 | Build | Farm |
| 17:22 | Build | Farm |
| 17:22 | Build | Farm |
| 17:28 | Build | Town Center |
| 17:31 | Create | Villager (Male) |
| 17:34 | Build | Farm |
| 17:37 | Build | Farm |
| 17:38 | Build | Farm |
| 17:40 | Build | Farm |
| 17:41 | Build | Farm |
| 17:44 | Create | Villager (Male) |
| 17:48 | Build | Farm |
| 17:53 | Build | Farm |
| 17:56 | Create | Villager (Male) |
| 17:56 | Create | Villager (Male) |
| 18:02 | Create | Villager (Male) |
| 18:08 | Build | House |
| 18:10 | Build | House |
| 18:13 | Create | Villager (Male) |
| 18:17 | Create | Villager (Male) |
| 18:25 | Create | Villager (Male) |
| 18:31 | Build | Farm |
| 18:36 | Build | Farm |
| 18:42 | Create | Villager (Male) |
| 18:43 | Create | Villager (Male) |
| 18:50 | Create | Villager (Male) |
| 18:50 | Create | Villager (Male) |
| 18:56 | Build | House |
| 18:58 | Create | Villager (Male) |
| 19:03 | Create | Villager (Male) |
| 19:07 | Build | Farm |
| 19:08 | Build | Farm |
| 19:10 | Build | Farm |
| 19:11 | Build | Farm |
| 19:15 | Build | Farm |
| 19:16 | Build | Farm |
| 19:17 | Create | Villager (Male) |
| 19:18 | Create | Villager (Male) |
| 19:20 | Create | Villager (Male) |
| 19:28 | Create | Villager (Male) |
| 19:31 | Create | Villager (Male) |
| 19:36 | Create | Villager (Male) |
| 19:52 | Build | Town Center |
| 19:55 | Create | Villager (Male) |
| 19:55 | Create | Villager (Male) |
| 19:57 | Create | Villager (Male) |
| 19:58 | Create | Villager (Male) |
| 20:01 | Build | House |
| 20:02 | Build | House |
| 20:07 | Build | Farm |
| 20:08 | Build | Farm |
| 20:09 | Build | Farm |
| 20:10 | Build | Farm |
| 20:12 | Build | Farm |
| 20:14 | Create | Villager (Male) |
| 20:14 | Create | Villager (Male) |
| 20:15 | Create | Villager (Male) |
| 20:15 | Create | Villager (Male) |
| 20:21 | Create | Villager (Male) |
| 20:24 | Build | Farm |
| 20:27 | Create | Villager (Male) |
| 20:35 | Create | Villager (Male) |
| 20:36 | Create | Villager (Male) |
| 20:36 | Create | Villager (Male) |
| 20:36 | Create | Villager (Male) |
| 20:41 | Build | Farm |
| 20:42 | Build | Farm |
| 20:47 | Create | Villager (Male) |
| 20:47 | Create | Villager (Male) |
| 20:48 | Create | Villager (Male) |
| 20:59 | Build | House |
| 21:00 | Build | House |
Build order — Choso
First 150 of 472 actions detected
| 0:03 | Create | Villager (Male) |
| 0:03 | Create | Villager (Male) |
| 0:05 | Build | House |
| 0:07 | Build | House |
| 0:07 | Create | Villager (Male) |
| 0:07 | Create | Villager (Male) |
| 1:34 | Create | Villager (Male) |
| 1:34 | Create | Villager (Male) |
| 2:02 | Create | Villager (Male) |
| 2:02 | Create | Villager (Male) |
| 2:23 | Create | Villager (Male) |
| 2:23 | Create | Villager (Male) |
| 2:25 | Build | Lumber Camp |
| 2:50 | Create | Villager (Male) |
| 3:03 | Build | House |
| 3:04 | Build | House |
| 3:07 | Create | Villager (Male) |
| 3:07 | Create | Villager (Male) |
| 3:34 | Create | Villager (Male) |
| 3:34 | Create | Villager (Male) |
| 3:51 | Create | Villager (Male) |
| 3:51 | Create | Villager (Male) |
| 4:17 | Create | Villager (Male) |
| 4:17 | Create | Villager (Male) |
| 4:17 | Create | Villager (Male) |
| 4:42 | Build | Mill |
| 4:53 | Create | Villager (Male) |
| 4:53 | Create | Villager (Male) |
| 4:53 | Create | Villager (Male) |
| 5:32 | Create | Villager (Male) |
| 5:32 | Create | Villager (Male) |
| 5:32 | Create | Villager (Male) |
| 5:37 | Build | Farm |
| 6:24 | Build | Farm |
| 6:25 | Create | Villager (Male) |
| 6:29 | Create | Villager (Male) |
| 7:56 | Build | House |
| 8:00 | Build | Mining Camp |
| 8:41 | Research | Feudal Age |
| 8:41 | Research | Feudal Age |
| 8:49 | Create | Villager (Male) |
| 8:50 | Create | Villager (Male) |
| 10:37 | Build | Mining Camp |
| 10:51 | Age | Feudal Age |
| 10:57 | Build | Market |
| 11:02 | Build | Blacksmith |
| 11:33 | Research | Double-Bit Axe |
| 11:44 | Create | Villager (Male) |
| 11:50 | Build | House |
| 11:52 | Build | Farm |
| 11:57 | Research | Castle Age |
| 11:57 | Research | Castle Age |
| 13:52 | Create | Villager (Male) |
| 13:52 | Create | Villager (Male) |
| 14:07 | Research | Stone Mining |
| 14:19 | Research | Horse Collar |
| 14:49 | Age | Castle Age |
| 14:53 | Create | Villager (Male) |
| 14:56 | Build | Town Center |
| 15:08 | Build | Town Center |
| 15:16 | Build | Farm |
| 15:56 | Create | Villager (Male) |
| 16:04 | Create | Villager (Male) |
| 16:04 | Create | Villager (Male) |
| 16:26 | Build | Farm |
| 16:27 | Build | Farm |
| 16:32 | Create | Villager (Male) |
| 16:32 | Create | Villager (Male) |
| 16:36 | Research | Loom |
| 16:41 | Build | Farm |
| 16:51 | Build | Farm |
| 16:55 | Build | Farm |
| 16:57 | Create | Villager (Male) |
| 16:57 | Create | Villager (Male) |
| 17:11 | Create | Villager (Male) |
| 17:14 | Create | Villager (Male) |
| 17:31 | Create | Villager (Male) |
| 17:32 | Create | Villager (Male) |
| 17:39 | Build | Farm |
| 17:42 | Build | Farm |
| 17:47 | Build | Farm |
| 17:48 | Build | Farm |
| 17:50 | Build | Farm |
| 17:50 | Create | Villager (Male) |
| 17:50 | Create | Villager (Male) |
| 18:01 | Build | Castle |
| 18:07 | Build | House |
| 18:08 | Build | House |
| 18:09 | Build | House |
| 18:10 | Create | Villager (Male) |
| 18:15 | Build | Farm |
| 18:15 | Build | Farm |
| 18:15 | Build | Farm |
| 18:16 | Build | Farm |
| 18:18 | Create | Villager (Male) |
| 18:34 | Create | Villager (Male) |
| 18:39 | Build | Farm |
| 18:41 | Create | Villager (Male) |
| 18:50 | Create | Villager (Male) |
| 19:09 | Build | Monastery |
| 19:09 | Create | Villager (Male) |
| 19:10 | Create | Villager (Male) |
| 19:10 | Create | Villager (Male) |
| 19:20 | Create | Villager (Male) |
| 19:37 | Create | Villager (Male) |
| 19:37 | Create | Villager (Male) |
| 19:37 | Create | Villager (Male) |
| 19:39 | Build | House |
| 19:41 | Build | House |
| 19:42 | Build | House |
| 19:49 | Create | Villager (Male) |
| 19:49 | Create | Villager (Male) |
| 19:58 | Create | Monk |
| 20:00 | Create | Monk |
| 20:05 | Create | Villager (Male) |
| 20:05 | Create | Villager (Male) |
| 20:05 | Create | Villager (Male) |
| 20:08 | Build | House |
| 20:09 | Build | House |
| 20:10 | Build | House |
| 20:12 | Build | House |
| 20:12 | Create | Villager (Male) |
| 20:13 | Create | Villager (Male) |
| 20:19 | Build | Mill |
| 20:20 | Build | Farm |
| 20:20 | Build | Farm |
| 20:20 | Build | Farm |
| 20:21 | Create | Villager (Male) |
| 20:21 | Create | Villager (Male) |
| 20:34 | Create | Villager (Male) |
| 20:39 | Research | Wheelbarrow |
| 20:39 | Research | Wheelbarrow |
| 20:57 | Create | Villager (Male) |
| 20:57 | Create | Villager (Male) |
| 21:07 | Build | Farm |
| 21:07 | Build | Farm |
| 21:07 | Build | Farm |
| 21:07 | Build | Farm |
| 21:08 | Create | Villager (Male) |
| 21:09 | Create | Villager (Male) |
| 21:09 | Create | Villager (Male) |
| 21:29 | Create | Villager (Male) |
| 21:30 | Create | Villager (Male) |
| 21:30 | Create | Villager (Male) |
| 21:37 | Create | Genoese Crossbowman |
| 21:37 | Create | Genoese Crossbowman |
| 21:37 | Create | Villager (Male) |
| 21:41 | Create | Villager (Male) |
| 21:55 | Create | Villager (Male) |
| 21:55 | Create | Villager (Male) |
Build order — Supersonic Rocketship
First 150 of 475 actions detected
| 0:00 | Create | Villager (Male) |
| 0:01 | Create | Villager (Male) |
| 0:01 | Create | Villager (Male) |
| 0:02 | Build | House |
| 0:04 | Build | House |
| 0:15 | Create | Villager (Male) |
| 1:26 | Create | Villager (Male) |
| 1:47 | Build | Lumber Camp |
| 2:07 | Create | Villager (Male) |
| 2:14 | Create | Villager (Male) |
| 2:52 | Create | Villager (Male) |
| 3:08 | Create | Villager (Male) |
| 3:21 | Build | House |
| 3:40 | Create | Villager (Male) |
| 4:06 | Create | Villager (Male) |
| 4:23 | Build | Mill |
| 4:26 | Create | Villager (Male) |
| 4:39 | Create | Villager (Male) |
| 5:00 | Create | Villager (Male) |
| 5:09 | Create | Villager (Male) |
| 5:12 | Build | House |
| 5:30 | Create | Villager (Male) |
| 5:47 | Create | Villager (Male) |
| 6:21 | Create | Villager (Male) |
| 7:03 | Create | Villager (Male) |
| 7:21 | Build | Farm |
| 8:00 | Research | Feudal Age |
| 8:13 | Create | Villager (Male) |
| 8:14 | Create | Villager (Male) |
| 9:20 | Build | Farm |
| 9:33 | Research | Loom |
| 9:47 | Create | Villager (Male) |
| 9:51 | Build | Mining Camp |
| 9:57 | Build | Mining Camp |
| 10:10 | Age | Feudal Age |
| 10:17 | Build | Watch Tower |
| 10:23 | Build | House |
| 10:34 | Build | Gate |
| 10:39 | Build | Stone Wall |
| 11:31 | Create | Villager (Male) |
| 11:31 | Create | Villager (Male) |
| 11:36 | Build | Market |
| 11:43 | Build | Farm |
| 12:42 | Build | Blacksmith |
| 13:06 | Research | Castle Age |
| 13:10 | Build | Watch Tower |
| 13:21 | Create | Villager (Male) |
| 14:04 | Build | Lumber Camp |
| 14:22 | Build | Mining Camp |
| 15:02 | Create | Villager (Male) |
| 15:46 | Age | Castle Age |
| 15:47 | Build | Siege Workshop |
| 15:54 | Research | Fletching |
| 16:12 | Create | Mangonel |
| 16:19 | Create | Villager (Male) |
| 16:38 | Create | Villager (Male) |
| 16:39 | Build | House |
| 17:04 | Create | Villager (Male) |
| 17:15 | Create | Mangonel |
| 17:30 | Create | Battering Ram |
| 17:35 | Create | Villager (Male) |
| 17:42 | Create | Villager (Male) |
| 17:46 | Build | Town Center |
| 18:43 | Create | Villager (Male) |
| 18:43 | Create | Villager (Male) |
| 19:05 | Build | Farm |
| 19:41 | Build | Outpost |
| 19:51 | Build | Farm |
| 19:53 | Build | Farm |
| 20:08 | Build | Farm |
| 20:26 | Create | Villager (Male) |
| 20:34 | Build | Farm |
| 21:05 | Create | Villager (Male) |
| 21:21 | Build | Town Center |
| 21:22 | Create | Villager (Male) |
| 21:22 | Create | Villager (Male) |
| 21:55 | Create | Villager (Male) |
| 21:55 | Create | Villager (Male) |
| 22:05 | Create | Villager (Male) |
| 22:08 | Build | Farm |
| 22:10 | Build | Farm |
| 22:29 | Build | Farm |
| 22:31 | Create | Villager (Male) |
| 22:33 | Build | Farm |
| 22:33 | Build | Farm |
| 22:33 | Build | Farm |
| 22:33 | Build | Farm |
| 22:35 | Build | House |
| 22:50 | Build | House |
| 22:50 | Build | House |
| 22:51 | Build | House |
| 23:01 | Build | Stone Wall |
| 23:02 | Create | Villager (Male) |
| 23:09 | Create | Villager (Male) |
| 23:14 | Build | Farm |
| 23:14 | Build | Farm |
| 23:15 | Build | Farm |
| 23:15 | Build | Farm |
| 23:15 | Build | Farm |
| 23:24 | Create | Villager (Male) |
| 23:37 | Create | Villager (Male) |
| 23:49 | Build | Farm |
| 23:49 | Build | Farm |
| 23:51 | Build | Farm |
| 23:53 | Create | Villager (Male) |
| 23:55 | Build | Farm |
| 23:57 | Build | Farm |
| 23:58 | Create | Villager (Male) |
| 24:13 | Build | Farm |
| 24:16 | Create | Villager (Male) |
| 24:17 | Create | Villager (Male) |
| 24:21 | Build | Farm |
| 24:25 | Create | Villager (Male) |
| 24:26 | Create | Villager (Male) |
| 24:31 | Create | Villager (Male) |
| 24:44 | Create | Battering Ram |
| 24:46 | Create | Villager (Male) |
| 24:57 | Research | Double-Bit Axe |
| 25:02 | Create | Villager (Male) |
| 25:11 | Create | Villager (Male) |
| 25:22 | Create | Villager (Male) |
| 25:24 | Create | Villager (Male) |
| 25:26 | Build | Farm |
| 25:28 | Build | Farm |
| 25:33 | Research | Horse Collar |
| 25:40 | Create | Villager (Male) |
| 25:41 | Create | Villager (Male) |
| 25:46 | Create | Villager (Male) |
| 25:56 | Build | Farm |
| 25:57 | Create | Villager (Male) |
| 25:58 | Create | Villager (Male) |
| 26:00 | Build | Farm |
| 26:06 | Build | Farm |
| 26:07 | Create | Villager (Male) |
| 26:12 | Create | Villager (Male) |
| 26:18 | Build | Farm |
| 26:19 | Create | Villager (Male) |
| 26:27 | Create | Villager (Male) |
| 26:34 | Build | Farm |
| 26:37 | Build | Farm |
| 26:38 | Create | Villager (Male) |
| 26:42 | Build | House |
| 26:46 | Build | Lumber Camp |
| 26:59 | Build | House |
| 27:00 | Build | House |
| 27:02 | Create | Villager (Male) |
| 27:02 | Create | Villager (Male) |
| 27:05 | Build | House |
| 27:08 | Research | Wheelbarrow |
| 27:14 | Create | Villager (Male) |
Build order — livulove
First 150 of 481 actions detected
| 0:01 | Create | Villager (Male) ×4 |
| 0:03 | Build | House |
| 0:04 | Build | House |
| 1:29 | Create | Villager (Male) |
| 1:46 | Create | Villager (Male) |
| 1:50 | Build | Lumber Camp |
| 2:14 | Create | Villager (Male) |
| 2:14 | Create | Villager (Male) |
| 3:14 | Create | Villager (Male) |
| 3:15 | Create | Villager (Male) |
| 3:52 | Build | House |
| 4:03 | Create | Villager (Male) |
| 4:04 | Create | Villager (Male) |
| 4:07 | Build | House |
| 4:41 | Create | Villager (Male) |
| 4:41 | Create | Villager (Male) |
| 5:04 | Create | Villager (Male) |
| 5:05 | Create | Villager (Male) |
| 5:41 | Build | Mill |
| 5:42 | Create | Villager (Male) |
| 5:42 | Create | Villager (Male) |
| 6:20 | Build | Farm |
| 6:23 | Build | Farm |
| 7:08 | Create | Villager (Male) |
| 7:09 | Create | Villager (Male) |
| 7:57 | Build | Farm |
| 7:59 | Create | Villager (Male) |
| 8:23 | Research | Feudal Age |
| 8:34 | Build | Farm |
| 10:06 | Build | House |
| 10:10 | Create | Villager (Male) |
| 10:10 | Create | Villager (Male) |
| 10:33 | Age | Feudal Age |
| 10:34 | Build | Blacksmith |
| 10:37 | Build | Market |
| 10:51 | Research | Double-Bit Axe |
| 11:24 | Research | Castle Age |
| 11:44 | Research | Horse Collar |
| 13:18 | Build | Farm |
| 14:02 | Create | Villager (Male) |
| 14:04 | Age | Castle Age |
| 14:11 | Build | Town Center |
| 14:18 | Build | Town Center |
| 14:18 | Research | Bow Saw |
| 14:21 | Research | Heavy Plow |
| 14:24 | Create | Villager (Male) |
| 14:30 | Build | Monastery |
| 14:36 | Build | House |
| 14:43 | Create | Villager (Male) |
| 15:02 | Build | Farm |
| 15:02 | Create | Villager (Male) |
| 15:22 | Build | Farm |
| 15:25 | Create | Villager (Male) |
| 15:31 | Create | Villager (Male) |
| 15:44 | Create | Monk |
| 15:45 | Create | Villager (Male) |
| 15:46 | Create | Villager (Male) |
| 15:50 | Build | Farm |
| 15:59 | Build | Farm |
| 16:05 | Create | Villager (Male) |
| 16:07 | Build | Farm |
| 16:08 | Create | Villager (Male) |
| 16:19 | Build | Farm |
| 16:22 | Build | Farm |
| 16:29 | Build | Farm |
| 16:31 | Create | Villager (Male) |
| 16:36 | Build | Farm |
| 16:45 | Build | Farm |
| 16:51 | Build | Farm |
| 16:55 | Create | Villager (Male) |
| 17:06 | Build | Farm |
| 17:07 | Create | Villager (Male) |
| 17:13 | Build | House |
| 17:17 | Build | Farm |
| 17:19 | Create | Villager (Male) |
| 17:22 | Create | Villager (Male) |
| 17:29 | Build | Farm |
| 17:36 | Build | House |
| 17:41 | Build | Farm |
| 17:42 | Create | Villager (Male) |
| 17:45 | Build | Farm |
| 17:46 | Create | Villager (Male) |
| 17:52 | Build | Farm |
| 17:53 | Create | Villager (Male) |
| 18:00 | Create | Villager (Male) |
| 18:04 | Build | Farm |
| 18:12 | Build | House |
| 18:15 | Create | Villager (Male) |
| 18:16 | Create | Villager (Male) |
| 18:20 | Build | Farm |
| 18:27 | Create | Villager (Male) |
| 18:30 | Build | Farm |
| 18:39 | Build | Farm |
| 18:41 | Create | Villager (Male) |
| 18:43 | Create | Villager (Male) |
| 18:53 | Build | Farm |
| 18:56 | Create | Villager (Male) |
| 19:03 | Create | Villager (Male) |
| 19:11 | Build | House |
| 19:14 | Build | Farm |
| 19:16 | Create | Villager (Male) |
| 19:19 | Build | Farm |
| 19:23 | Create | Villager (Male) |
| 19:30 | Build | Farm |
| 19:31 | Create | Villager (Male) |
| 19:39 | Create | Villager (Male) |
| 19:40 | Create | Villager (Male) |
| 19:43 | Build | House |
| 19:49 | Create | Villager (Male) |
| 19:56 | Create | Villager (Male) |
| 20:11 | Build | Town Center |
| 20:12 | Create | Villager (Male) |
| 20:20 | Create | Villager (Male) |
| 20:23 | Create | Villager (Male) |
| 20:24 | Create | Villager (Male) |
| 20:25 | Create | Villager (Male) |
| 20:31 | Research | Wheelbarrow |
| 20:34 | Create | Villager (Male) |
| 20:36 | Create | Villager (Male) |
| 20:58 | Create | Villager (Male) |
| 21:05 | Build | Town Center |
| 21:10 | Create | Villager (Male) |
| 21:12 | Create | Villager (Male) |
| 21:14 | Create | Villager (Male) |
| 21:20 | Build | House |
| 21:21 | Create | Villager (Male) |
| 21:23 | Build | Farm |
| 21:25 | Build | Farm |
| 21:28 | Build | Farm |
| 21:32 | Create | Villager (Male) |
| 21:35 | Create | Villager (Male) |
| 21:44 | Create | Villager (Male) |
| 21:50 | Create | Villager (Male) |
| 21:55 | Create | Villager (Male) |
| 21:56 | Create | Villager (Male) |
| 21:58 | Create | Villager (Male) |
| 22:05 | Build | House |
| 22:12 | Build | Town Center |
| 22:16 | Create | Villager (Male) |
| 22:17 | Create | Villager (Male) |
| 22:19 | Create | Villager (Male) |
| 22:23 | Build | Farm |
| 22:25 | Create | Villager (Male) |
| 22:27 | Build | House |
| 22:29 | Build | House |
| 22:30 | Create | Villager (Male) |
| 22:31 | Create | Villager (Male) |
| 22:32 | Create | Villager (Male) |
| 22:32 | Create | Villager (Male) |
| 22:39 | Build | Farm |
Build order — raritet
First 150 of 392 actions detected
| 0:01 | Create | Villager (Male) |
| 0:03 | Build | House |
| 0:04 | Build | House |
| 0:21 | Create | Villager (Male) |
| 0:23 | Create | Villager (Male) |
| 0:25 | Create | Villager (Male) |
| 0:34 | Create | Villager (Male) |
| 1:49 | Create | Villager (Male) |
| 1:54 | Build | Lumber Camp |
| 2:30 | Create | Villager (Male) |
| 2:45 | Create | Villager (Male) |
| 2:50 | Create | Villager (Male) |
| 3:20 | Create | Villager (Male) |
| 3:26 | Create | Villager (Male) |
| 3:49 | Create | Villager (Male) |
| 3:53 | Build | House |
| 3:54 | Build | House |
| 3:55 | Build | House |
| 4:09 | Build | Mill |
| 4:33 | Create | Villager (Male) |
| 4:33 | Create | Villager (Male) |
| 4:53 | Create | Villager (Male) |
| 5:53 | Create | Villager (Male) |
| 6:12 | Create | Villager (Male) |
| 6:34 | Build | Lumber Camp |
| 6:41 | Create | Villager (Male) |
| 7:01 | Create | Villager (Male) |
| 7:27 | Build | Farm |
| 7:31 | Create | Villager (Male) |
| 7:36 | Build | Farm |
| 7:48 | Create | Villager (Male) |
| 8:14 | Create | Villager (Male) |
| 8:25 | Research | Feudal Age |
| 8:37 | Build | Mining Camp |
| 9:50 | Build | Barracks |
| 10:09 | Create | Villager (Male) |
| 10:10 | Create | Villager (Male) |
| 10:55 | Age | Feudal Age |
| 10:59 | Build | Stable |
| 11:03 | Build | Blacksmith |
| 11:28 | Build | Farm |
| 11:41 | Research | Castle Age |
| 12:09 | Create | Villager (Male) |
| 12:25 | Research | Double-Bit Axe |
| 13:03 | Research | Horse Collar |
| 13:18 | Build | Farm |
| 13:20 | Build | Farm |
| 13:22 | Build | Farm |
| 13:31 | Build | Farm |
| 13:37 | Build | Farm |
| 13:42 | Create | Villager (Male) |
| 13:46 | Build | Farm |
| 13:49 | Build | Farm |
| 13:53 | Build | Farm |
| 13:57 | Build | House |
| 13:58 | Build | House |
| 14:07 | Age | Castle Age |
| 14:20 | Research | Bloodlines |
| 14:25 | Create | Villager (Male) |
| 14:33 | Build | Farm |
| 14:37 | Build | Farm |
| 14:39 | Build | House |
| 14:49 | Create | Villager (Male) |
| 14:53 | Build | Farm |
| 14:59 | Create | Villager (Male) |
| 15:05 | Build | House |
| 15:06 | Build | House |
| 15:16 | Create | Knight |
| 15:23 | Build | Farm |
| 15:23 | Create | Villager (Male) |
| 15:41 | Build | Farm |
| 15:42 | Create | Villager (Male) |
| 15:47 | Create | Knight |
| 15:51 | Build | House |
| 16:02 | Create | Villager (Male) |
| 16:07 | Build | Farm |
| 16:10 | Create | Villager (Male) |
| 16:14 | Create | Knight |
| 16:29 | Build | House |
| 16:30 | Build | House |
| 16:34 | Create | Villager (Male) |
| 16:36 | Create | Knight |
| 16:45 | Research | Scale Barding Armor |
| 16:57 | Create | Knight |
| 17:03 | Build | Farm |
| 17:05 | Build | Farm |
| 17:10 | Create | Villager (Male) |
| 17:18 | Create | Villager (Male) |
| 17:41 | Create | Villager (Male) |
| 17:45 | Build | House |
| 17:46 | Build | House |
| 17:58 | Create | Villager (Male) |
| 18:12 | Create | Villager (Male) |
| 18:25 | Create | Villager (Male) |
| 18:39 | Create | Villager (Male) |
| 18:48 | Research | Bow Saw |
| 18:49 | Create | Villager (Male) |
| 18:56 | Build | House |
| 18:57 | Build | House |
| 19:18 | Create | Villager (Male) |
| 19:27 | Build | Town Center |
| 19:27 | Create | Villager (Male) |
| 19:42 | Research | Chain Barding Armor |
| 20:04 | Build | House |
| 20:05 | Build | House |
| 20:26 | Create | Villager (Male) |
| 20:32 | Build | House |
| 20:33 | Build | House |
| 20:40 | Create | Villager (Male) |
| 20:46 | Create | Villager (Male) |
| 20:55 | Build | Farm |
| 20:55 | Build | Farm |
| 20:55 | Build | Farm |
| 20:55 | Build | Farm |
| 20:56 | Build | Farm |
| 21:03 | Create | Villager (Male) |
| 21:08 | Create | Villager (Male) |
| 21:20 | Build | Farm |
| 21:22 | Build | House |
| 21:27 | Create | Villager (Male) |
| 21:33 | Create | Villager (Male) |
| 21:34 | Create | Villager (Male) |
| 21:39 | Build | Town Center |
| 21:42 | Create | Villager (Male) |
| 21:45 | Create | Villager (Male) |
| 21:55 | Create | Villager (Male) |
| 21:55 | Create | Villager (Male) |
| 22:03 | Build | Farm |
| 22:03 | Create | Villager (Male) |
| 22:13 | Create | Villager (Male) |
| 22:24 | Create | Villager (Male) |
| 22:37 | Build | House |
| 22:39 | Build | House |
| 22:40 | Build | House |
| 22:41 | Create | Villager (Male) |
| 23:14 | Build | Town Center |
| 23:15 | Create | Villager (Male) |
| 23:18 | Build | Farm |
| 23:21 | Create | Villager (Male) |
| 23:25 | Research | Wheelbarrow |
| 23:27 | Create | Villager (Male) |
| 23:34 | Create | Villager (Male) |
| 23:40 | Build | Farm |
| 23:42 | Build | House |
| 23:44 | Build | House |
| 23:45 | Create | Villager (Male) |
| 23:52 | Build | Mill |
| 23:53 | Build | Farm |
| 23:53 | Build | Farm |
| 23:53 | Build | Farm |
Build order — Takerofthehill
First 150 of 369 actions detected
| 0:01 | Create | Villager (Male) ×4 |
| 0:03 | Build | House |
| 0:04 | Build | House |
| 1:25 | Create | Villager (Male) |
| 1:49 | Build | Lumber Camp |
| 2:05 | Create | Villager (Male) |
| 2:05 | Create | Villager (Male) |
| 2:06 | Create | Villager (Male) |
| 2:33 | Create | Villager (Male) |
| 2:33 | Create | Villager (Male) |
| 3:21 | Create | Villager (Male) |
| 3:22 | Create | Villager (Male) |
| 3:31 | Create | Villager (Male) |
| 3:31 | Create | Villager (Male) |
| 3:47 | Create | Villager (Male) |
| 3:56 | Build | House |
| 3:58 | Build | House |
| 4:20 | Create | Villager (Male) |
| 4:20 | Create | Villager (Male) |
| 4:20 | Create | Villager (Male) |
| 4:57 | Create | Villager (Male) |
| 4:58 | Create | Villager (Male) |
| 4:58 | Create | Villager (Male) |
| 5:41 | Build | House |
| 5:43 | Build | House |
| 5:47 | Create | Villager (Male) |
| 5:47 | Create | Villager (Male) |
| 5:55 | Build | House |
| 6:19 | Build | Mining Camp |
| 6:21 | Research | Loom |
| 7:12 | Research | Feudal Age |
| 8:51 | Create | Villager (Male) |
| 8:51 | Create | Villager (Male) |
| 8:51 | Create | Villager (Male) |
| 9:22 | Age | Feudal Age |
| 9:23 | Build | Watch Tower |
| 9:31 | Create | Villager (Male) |
| 9:34 | Build | Blacksmith |
| 10:17 | Research | Fletching |
| 10:17 | Research | Fletching |
| 10:43 | Build | Watch Tower |
| 10:47 | Build | Stone Wall |
| 10:49 | Build | Stone Wall |
| 11:02 | Build | Stone Wall |
| 11:03 | Build | Stone Wall |
| 11:05 | Build | Stone Wall |
| 11:06 | Build | Stone Wall |
| 11:10 | Build | Stone Wall |
| 11:33 | Create | Villager (Male) |
| 11:33 | Create | Villager (Male) |
| 11:33 | Create | Villager (Male) |
| 11:38 | Build | Watch Tower |
| 11:54 | Build | Mill |
| 12:00 | Build | Watch Tower |
| 12:19 | Build | Stone Wall |
| 12:21 | Build | Stone Wall |
| 12:30 | Create | Villager (Male) |
| 12:30 | Create | Villager (Male) |
| 13:04 | Build | Watch Tower |
| 13:05 | Create | Villager (Male) |
| 14:02 | Create | Villager (Male) |
| 14:03 | Create | Villager (Male) |
| 14:03 | Create | Villager (Male) |
| 14:03 | Create | Villager (Male) |
| 14:08 | Build | Farm |
| 14:08 | Build | Farm |
| 14:09 | Build | Farm |
| 14:09 | Build | Farm |
| 14:09 | Build | Farm |
| 14:09 | Build | Farm |
| 14:10 | Build | Farm |
| 14:24 | Build | Stone Wall |
| 14:29 | Build | Stone Wall |
| 14:45 | Build | Stone Wall |
| 14:48 | Build | Stone Wall |
| 15:01 | Create | Villager (Male) |
| 15:01 | Create | Villager (Male) |
| 15:01 | Create | Villager (Male) |
| 15:17 | Build | Watch Tower |
| 15:23 | Create | Villager (Male) |
| 15:23 | Create | Villager (Male) |
| 15:54 | Create | Villager (Male) |
| 16:14 | Create | Villager (Male) |
| 16:14 | Create | Villager (Male) |
| 16:50 | Build | Stone Wall |
| 16:51 | Build | Stone Wall |
| 16:51 | Build | Stone Wall |
| 16:52 | Build | Stone Wall |
| 17:01 | Build | Mining Camp |
| 17:15 | Build | House |
| 17:16 | Build | House |
| 17:32 | Build | Mining Camp |
| 17:38 | Build | Stone Wall |
| 17:42 | Build | Stone Wall |
| 17:43 | Build | Stone Wall |
| 17:46 | Build | Stone Wall |
| 17:49 | Build | Stone Wall |
| 17:59 | Build | Mining Camp |
| 18:13 | Build | House |
| 18:18 | Create | Villager (Male) |
| 18:18 | Create | Villager (Male) |
| 18:19 | Create | Villager (Male) |
| 18:20 | Create | Villager (Male) |
| 18:45 | Build | Market |
| 19:32 | Build | Stone Wall |
| 19:35 | Create | Villager (Male) |
| 19:35 | Create | Villager (Male) |
| 19:37 | Build | Farm |
| 19:37 | Build | Farm |
| 19:37 | Build | Farm |
| 19:37 | Build | Farm |
| 19:38 | Build | Farm |
| 19:49 | Build | Stone Wall |
| 19:49 | Build | Stone Wall |
| 19:51 | Build | Stone Wall |
| 20:10 | Create | Villager (Male) |
| 20:10 | Create | Villager (Male) |
| 20:11 | Create | Villager (Male) |
| 20:18 | Research | Castle Age |
| 20:38 | Build | House |
| 20:40 | Build | Palisade Wall |
| 20:52 | Build | Stone Wall |
| 21:01 | Research | Stone Mining |
| 21:07 | Research | Double-Bit Axe |
| 21:22 | Build | Stone Wall |
| 21:23 | Build | Stone Wall |
| 21:24 | Build | Stone Wall |
| 21:25 | Build | Stone Wall |
| 21:34 | Build | Stone Wall |
| 21:36 | Build | Stone Wall |
| 21:38 | Build | Stone Wall |
| 21:50 | Build | Lumber Camp |
| 21:55 | Build | Farm |
| 21:57 | Research | Horse Collar |
| 22:56 | Build | Farm |
| 23:02 | Build | Farm |
| 23:15 | Age | Castle Age |
| 23:21 | Build | Castle |
| 23:24 | Research | Bodkin Arrow |
| 23:39 | Research | Bow Saw |
| 23:40 | Create | Villager (Male) |
| 23:41 | Create | Villager (Male) |
| 23:41 | Create | Villager (Male) |
| 24:41 | Build | Town Center |
| 24:42 | Create | Villager (Male) |
| 24:42 | Create | Villager (Male) |
| 24:43 | Create | Villager (Male) |
| 25:03 | Create | Villager (Male) |
| 25:13 | Build | Monastery |
| 25:25 | Create | Villager (Male) |
Match timeline
| 9:22 | Takerofthehill · age_up feudal |
| 9:50 | raritet · first_building Barracks |
| 10:07 | DaTuRa · age_up feudal |
| 10:10 | Supersonic Rocketship · age_up feudal |
| 10:30 | karim1994karim2 · age_up feudal |
| 10:33 | livulove · age_up feudal |
| 10:39 | Supersonic Rocketship · wall_segment Stone Wall x1 |
| 10:47 | Takerofthehill · wall_segment Stone Wall x1 |
| 10:49 | Takerofthehill · wall_segment Stone Wall x1 |
| 10:51 | Choso · age_up feudal |
| 10:55 | raritet · age_up feudal |
| 10:59 | raritet · first_building Stable |
| 11:02 | Takerofthehill · wall_segment Stone Wall x1 |
| 11:03 | Takerofthehill · wall_segment Stone Wall x1 |
| 11:05 | Takerofthehill · wall_segment Stone Wall x1 |
| 11:06 | Takerofthehill · wall_segment Stone Wall x1 |
| 11:10 | Takerofthehill · wall_segment Stone Wall x1 |
| 11:46 | BLACK EAGLE · age_up feudal |
| 12:19 | Takerofthehill · wall_segment Stone Wall x1 |
| 12:21 | Takerofthehill · wall_segment Stone Wall x1 |
| 12:59 | Supersonic Rocketship · first_market_sell 100 food |
| 14:01 | karim1994karim2 · age_up castle |
| 14:04 | livulove · age_up castle |
| 14:05 | DaTuRa · age_up castle |
| 14:07 | raritet · age_up castle |
| 14:24 | Takerofthehill · wall_segment Stone Wall x1 |
| 14:29 | BLACK EAGLE · age_up castle |
| 14:29 | Takerofthehill · wall_segment Stone Wall x1 |
| 14:30 | livulove · first_building Monastery |
| 14:45 | Takerofthehill · wall_segment Stone Wall x1 |
| 14:48 | Takerofthehill · wall_segment Stone Wall x1 |
| 14:49 | Choso · age_up castle |
| 15:46 | Supersonic Rocketship · age_up castle |
| 15:47 | Supersonic Rocketship · first_building Siege Workshop |
| 16:50 | Takerofthehill · wall_segment Stone Wall x1 |
| 16:51 | Takerofthehill · wall_segment Stone Wall x1 |
| 16:51 | Takerofthehill · wall_segment Stone Wall x1 |
| 16:52 | Takerofthehill · wall_segment Stone Wall x1 |
| 17:24 | DaTuRa · first_building Castle |
| 17:38 | Takerofthehill · wall_segment Stone Wall x1 |
| 17:42 | Takerofthehill · wall_segment Stone Wall x1 |
| 17:43 | Takerofthehill · wall_segment Stone Wall x1 |
| 17:46 | Takerofthehill · wall_segment Stone Wall x1 |
| 17:49 | Takerofthehill · wall_segment Stone Wall x1 |
| 18:01 | Choso · first_building Castle |
| 18:42 | Supersonic Rocketship · first_market_buy 100 food |
| 19:09 | Choso · first_building Monastery |
| 19:32 | Takerofthehill · wall_segment Stone Wall x1 |
| 19:49 | Takerofthehill · wall_segment Stone Wall x1 |
| 19:49 | Takerofthehill · wall_segment Stone Wall x1 |
| 19:51 | Takerofthehill · wall_segment Stone Wall x1 |
| 20:40 | Takerofthehill · wall_segment Palisade Wall x1 |
| 20:52 | Takerofthehill · wall_segment Stone Wall x1 |
| 21:22 | Takerofthehill · wall_segment Stone Wall x1 |
| 21:23 | Takerofthehill · wall_segment Stone Wall x1 |
| 21:24 | Takerofthehill · wall_segment Stone Wall x1 |
| 21:25 | Takerofthehill · wall_segment Stone Wall x1 |
| 21:32 | DaTuRa · first_building Monastery |
| 21:34 | Takerofthehill · wall_segment Stone Wall x1 |
| 21:36 | Takerofthehill · wall_segment Stone Wall x1 |
| 21:38 | Takerofthehill · wall_segment Stone Wall x1 |
| 22:47 | livulove · first_market_buy 100 stone |
| 22:49 | livulove · first_market_sell 100 food |
| 22:56 | livulove · first_building Castle |
| 23:01 | Supersonic Rocketship · wall_segment Stone Wall x1 |
| 23:15 | Takerofthehill · age_up castle |
| 23:21 | Takerofthehill · first_building Castle |
| 24:02 | karim1994karim2 · first_market_sell 100 food |
| 24:03 | karim1994karim2 · first_market_buy 100 stone |
| 24:15 | karim1994karim2 · first_building Castle |
| 25:03 | karim1994karim2 · first_building Siege Workshop |
| 25:08 | Choso · first_market_sell 100 food |
| 25:13 | Takerofthehill · first_building Monastery |
| 25:16 | BLACK EAGLE · first_building Castle |
| 25:44 | DaTuRa · first_building Barracks |
| 25:54 | Takerofthehill · first_market_sell 100 wood |
| 25:56 | Takerofthehill · first_market_buy 100 stone |
| 26:02 | livulove · first_building Barracks |
| 26:13 | raritet · first_building Monastery |
| 26:48 | BLACK EAGLE · first_market_sell 100 food |
| 27:00 | DaTuRa · first_building Stable |
| 27:00 | livulove · first_building Stable |
| 27:09 | DaTuRa · first_building Archery Range |
| 27:10 | Choso · first_building Barracks |
| 27:24 | BLACK EAGLE · first_building Siege Workshop |
| 27:32 | karim1994karim2 · first_building Barracks |
| 27:33 | BLACK EAGLE · first_building Stable |
| 28:17 | Choso · first_building Archery Range |
| 28:21 | Choso · age_up imperial |
| 28:42 | DaTuRa · age_up imperial |
| 29:00 | karim1994karim2 · first_building Stable |
| 29:05 | karim1994karim2 · first_building Archery Range |
| 29:11 | Supersonic Rocketship · first_building Barracks |
| 29:16 | karim1994karim2 · age_up imperial |
| 29:29 | raritet · age_up imperial |
| 29:31 | livulove · age_up imperial |
| 30:02 | BLACK EAGLE · age_up imperial |
| 30:03 | Choso · first_market_buy 100 wood |
| 30:59 | Takerofthehill · first_building Barracks |
| 31:40 | Supersonic Rocketship · first_building Castle |
| 32:15 | Takerofthehill · wall_segment Stone Wall x11 |
| 32:37 | raritet · first_building Castle |
| 33:19 | Takerofthehill · wall_segment Stone Wall x7 |
| 33:41 | DaTuRa · first_building Siege Workshop |
| 33:56 | Takerofthehill · wall_segment Stone Wall x6 |
| 34:31 | raritet · first_building Archery Range |
| 34:36 | Supersonic Rocketship · age_up imperial |
| 35:06 | Choso · first_building Siege Workshop |
| 35:30 | DaTuRa · first_market_sell 500 food |
| 36:21 | Takerofthehill · age_up imperial |
| 36:39 | Takerofthehill · first_building Siege Workshop |
| 39:33 | raritet · first_market_sell 500 food |
| 42:44 | Choso · tribute_sent a jugador 1 |
| 42:44 | Choso · tribute_sent a jugador 2 |
| 42:44 | Choso · tribute_sent a jugador 4 |
| 42:44 | Choso · tribute_sent a jugador 5 |
| 42:44 | Choso · tribute_sent a jugador 6 |
| 42:44 | Choso · tribute_sent a jugador 7 |
| 42:44 | Choso · tribute_sent a jugador 8 |
| 44:48 | raritet · resign |
[ AI ANALYSIS · 1 CREDIT ]
What really happened in this match?
Wolo.gg analyzes every decision: build order, eco, micro, common mistakes by bracket. Personalized analysis on WhatsApp or Discord in 30 seconds.
Civ guide
Byzantines
Perfil
Jugador #2084291